 Dungeon Crawl Stone Soup version 0.26.1-11-gd32895ea62 (webtiles) character file.

Game seed: 8841455609952187257

149 Almogavar the Digger (level 5, -7/28 HPs)
             Began as a Gargoyle Earth Elementalist on May 15, 2021.
             Mangled by Terence
             ... wielding a +0 morningstar
              (9 damage)
             ... on level 2 of the Dungeon.
             The game lasted 00:08:01 (2038 turns).

Almogavar the Digger (Gargoyle Earth Elementalist)  Turns: 2038, Time: 00:08:02

Health: -7/28      AC:  9    Str: 13    XL:     5   Next: 31%
Magic:  1/9        EV: 12    Int: 15    God:
Gold:   43         SH:  0    Dex: 10    Spells: 9/10 levels left

rFire    . . .     SeeInvis .   h - +0 whip
rCold    . . .     Faith    .   (no shield)
rNeg     + . .     Spirit   .   c - +0 robe
rPois    ∞         Reflect  .   (no helmet)
rElec    +         Harm     .   (no cloak)
rCorr    .         Rampage  .   (no gloves)
Will     .....                  g - +2 pair of boots
Stlth    ++........             (no amulet)
HPRegen  0.09/turn              (no ring)
MPRegen  0.11/turn              (no ring)

@: no status effects
A: negative energy resistance 1, electricity resistance, unbreathing,
petrification resistance, miasma immunity, AC +4
a: no special abilities


You were on level 2 of the Dungeon.
You visited 1 branch of the dungeon, and saw 2 of its levels.

You collected 43 gold pieces.

Inventory:

Hand Weapons
 h - a +0 whip (weapon)
Missiles
 b - 14 stones
 f - 22 bolts
Armour
 c - a +0 robe (worn)
 g - a +2 pair of boots (worn)
Scrolls
 a - a scroll of remove curse
 d - 2 scrolls of identify


   Skills:
 + Level 0.7 Fighting
 + Level 0.7 Maces & Flails
 + Level 2.1 Dodging
 + Level 2.3 Stealth
 + Level 3.1 Spellcasting
 + Level 0.7 Transmutations
 + Level 5.4 Earth Magic


You had 9 spell levels left.
You knew the following spells:

 Your Spells              Type           Power        Failure   Level
a - Sandblast             Erth           36%          2%          1

Your spell library contained the following spells:

 Spells                   Type           Power        Failure   Level
 Passwall                 Tmut/Erth      9%           9%          2
 Stone Arrow              Conj/Erth      20%          19%         3
 Petrify                  Tmut/Erth      11%          50%         4
 Lee's Rapid Deconstruct  Erth           9%           52%         5


Dungeon Overview and Level Annotations

Branches:
Dungeon (2/15)

Altars:

Annotations:
D:2 Natasha, Robin, Terence


Innate Abilities, Weirdness & Mutations

You are resistant to torment.
Your stone body is resilient. (AC +4)
You are immune to poison.
You resist negative energy. (rN+)
You are resistant to electric shocks. (rElec)
You can survive without breathing.
You are immune to petrification.
You are immune to miasma.


Message History

Casting: Sandblast (safe; 2% risk of failure)
Confirm with . or Enter, or press ? or * to list all spells.
Aiming: Sandblast (safe; 2% risk of failure)
Press: ? - help, Shift-Dir - straight line, f/p - centaur
Aim: a centaur, quivering 12 arrows (severely wounded, 13% to evade)
The blast of sand hits the centaur.
You kill the centaur!
Terence barely misses you.
Your Dodging skill increases to level 2!
Your Spellcasting skill increases to level 3!
You have reached level 5!
Found 11 gold pieces.
You see here 18 bolts.
Terence asks, "Do you want it fast or slow?"
Found a scroll of identify.
Terence asks, "Do you want it fast or slow?"
Natasha, Servant of Life and Death comes into view.
Robin of the Strong Arm comes into view.
They are wielding a +0 spear.
Terence hits you with a +0 morningstar!
You die...

=..)....##.##..####.
.....
.......<.....g.....
......
..###.##.##....... ....
# #... #.#.# ... ...
...# #...####.#
#....#.####..(....#
#....<.....##...#
#.........)..##...#####
##..........@##........
........h....@#........
..................###..
##.#..............# #
#.................#
..................#
#####.........#
#.........# #.....?...#


You could see Terence, Robin (wandering) and Natasha (wandering).

Vanquished Creatures
  A centaur (D:2)
  2 adders (D:1)
  A white imp (D:1)
  An ooze (D:1)
  A worm (D:1)
  3 dart slugs (D:1)
  2 leopard geckos (D:1)
  A giant cockroach (D:1)
  2 goblins (D:1)
  5 hobgoblins (D:1)
  3 kobolds (D:1)
  3 bats (D:1)
  A frilled lizard (D:1)
  7 rats
33 creatures vanquished.

Vanquished Creatures (others)
  2 plants (D:2)
2 creatures vanquished.

Grand Total: 35 creatures vanquished

Notes
Turn   | Place    | Note
-------+----------+-------------------------------------------
     0 | D:1      | Almogavar the Gargoyle Earth Elementalist began the quest
                  | for the Orb.
     0 | D:1      | Reached XP level 1. HP: 10/10 MP: 3/3
   187 | D:1      | Reached skill level 4 in Earth Magic
   187 | D:1      | Reached XP level 2. HP: 15/15 MP: 1/5
   645 | D:1      | Reached XP level 3. HP: 19/19 MP: 1/6
  1285 | D:2      | Noticed a centaur
  1720 | D:2      | Noticed Terence
  1795 | D:1      | Reached XP level 4. HP: 14/24 MP: 1/7
  1931 | D:1      | Reached skill level 5 in Earth Magic
  2027 | D:2      | HP: 1/24 [centaur (1)]
  2028 | D:2      | Killed a centaur
  2029 | D:2      | Reached XP level 5. HP: 1/28 MP: 0/9
  2037 | D:2      | Noticed Natasha
  2038 | D:2      | Noticed Robin
  2038 | D:2      | Mangled by Terence

Illustrated notes

Levels and vault maps discovered:
D:1:      ncdulo_halloftheorcs, layout_loops_corners,
          chequers_serial_rivers_micro_b
D:2:      layout_rooms, chequers_ecumenical_altar_lobes, uniq_robin,
          uniq_terence, uniq_natasha

Skill      XL: |  1  2  3  4 |
---------------+-------------+-----
Earth Magic    | 4 5 |  5.4
Dodging        | 2 |  2.1
Spellcasting   | 3 |  3.1
Fighting       | |  0.7
Maces & Flails | |  0.7
Stealth        | |  2.3
Transmutations | |  0.7

Action                   |  1- 3 |  4- 6 || total
-------------------------+-------+-------++-------
Melee: Whip              |    46 |    20 ||    66
       Dagger            |     3 |       ||     3
 Cast: Sandblast         |    38 |    17 ||    55
  Use: Scroll            |     1 |       ||     1
 Stab: Sleeping          |     1 |       ||     1
Armor: Robe              |    27 |     8 ||    35
Dodge: Dodged            |    52 |    22 ||    74
